 Dungeon Crawl Stone Soup version 0.21-a0-404-g291f19a (webtiles) character file.

4246 TheDeThijs the Markscentaur (level 10, 0/80 HPs)
             Began as a Centaur Hunter on Oct 28, 2017.
             Was an Elder of Zin.
             Slain by a two-headed ogre
             ... wielding a +0 giant spiked club
              (19 damage)
             ... on level 8 of the Dungeon on Oct 31, 2017.
             The game lasted 01:08:46 (8466 turns).

TheDeThijs the Markscentaur (Centaur Hunter)        Turns: 8466, Time: 01:08:47

Health: 0/80       AC:  6    Str: 16      XL:     10   Next: 9%
Magic:  15/15      EV:  9    Int:  8 (11) God:    Zin [****..]
Gold:   408        SH:  0    Dex:  9 (11) Spells: 9/9 levels left

rFire    x . .     SeeInvis .   b - +2 short sword (venom)
rCold    + . .     Gourm    .   (no shield)
rNeg     . . .     Faith    +   c - +1 leather armour
rPois    .         Spirit   .   (no helmet)
rElec    .         Reflect  .   (no cloak)
rCorr    .         Harm     .   (no gloves)
MR       .....                  (no barding)
Stlth    +.........             F - amulet of faith
HPRegen  0.23/turn              n - +1 ring of protection
MPRegen  0.14/turn              k - ring of ice

@: very quick
A: hooves 3, deformed body, speed 2, tough skin 3
a: Recite, Vitalisation, Imprison, Donate Gold, Renounce Religion


You were on level 8 of the Dungeon.
You worshipped Zin.
Zin was greatly pleased with you.
You were not hungry.

You visited 1 branch of the dungeon, and saw 9 of its levels.

You collected 453 gold pieces.
You donated 45 gold pieces to Zin.

Inventory:

Hand Weapons
 a - a +1 shortbow
 b - a +2 short sword of venom (weapon)
Missiles
 d - 2 arrows
 G - 49 bolts
Armour
 c - a +1 leather armour (worn)
Jewellery
 k - a ring of ice (right hand)
 n - a +1 ring of protection (left hand)
 F - an amulet of faith (around neck)
Wands
 t - a wand of acid (8/15)
 z - a wand of iceblast (15/15)
 J - a wand of paralysis (11/24)
Scrolls
 e - 4 scrolls of remove curse
 g - 2 scrolls of recharging
 m - 2 scrolls of identify
 o - 3 scrolls of teleportation
 q - a scroll of random uselessness
 r - a scroll of amnesia
 u - a scroll of fear
 x - a scroll of immolation
 y - 3 scrolls of noise
 K - a scroll of enchant armour
Potions
 h - 2 potions of heal wounds
 p - 2 potions of curing
 s - a potion of degeneration
 w - a potion of mutation
 A - a potion of flight
 B - a potion of brilliance
 E - 3 potions of haste
Comestibles
 f - 6 bread rations
 i - 3 meat rations
 l - a royal jelly
 C - a fruit


   Skills:
 - Level 4.7 Fighting
 + Level 15.7 Bows
 - Level 0.1 Armour
 - Level 1.3 Dodging
 - Level 0.4 Stealth
 * Level 7.2 Invocations


You had 9 spell levels left.
You didn't know any spells.

Dungeon Overview and Level Annotations

Branches:
Dungeon (9/15)             Temple (0/1) D:6
   Lair: D:8-11         Orc: D:9-12

Altars:
Hepliaklqana
Trog
Uskayaw
Vehumet
Wu Jian
Zin

Shops:
D:4 [   D:5 [

Annotations:
D:6 exclusion: 2 doors
D:8 exclusions: death yak and 2 more exclusions


Innate Abilities, Weirdness & Mutations

You have hooves in place of feet.
Armour fits poorly on your strangely shaped body.
You cover ground very quickly.
You have extremely tough skin. (AC +3)


Message History

The river rat is severely wounded.
The river rat barely misses you.
You hit the river rat.
You kill the river rat!
You feel sick.
There is a stone staircase leading down, spattered with blood here.
You climb downwards.
Level annotation: exclusions: death yak and 2 more exclusions The two-headed ogre hits you with a giant spiked club!!
The two-headed ogre hits you with a giant club!
* * * LOW HITPOINT WARNING * * *
There is a stone staircase leading up, spattered with blood here.
You feel much better.
The two-headed ogre hits you with a giant spiked club!!
* * * LOW HITPOINT WARNING * * *
The two-headed ogre hits you with a giant club!
* * * LOW HITPOINT WARNING * * *
You feel better. The two-headed ogre closely misses you.
The two-headed ogre hits you with a giant club!!
You die...

.....O..(...#
..###(#.....# ##
#(#.(...# #.#.....#
#.#.(...# #.#.(...#
#.#.(...#
#r##.#########
#.##........@#
#.##†.......O.....#
#(##.############.#
#.##.# #....#
######


You could see a two-headed ogre.

Vanquished Creatures
  A two-headed ogre (D:8)
  Prince Ribbit (D:6)
  Grinder (D:4)
  Sigmund (D:5)
  Eustachio (D:6)
  Edmund (D:6)
  Menkaure (D:4)
  3 porcupines (D:8)
  An ice beast (D:7)
  3 sky beasts
  5 ogres
  A centaur (D:7)
  Blork the orc (D:6)
  2 big kobolds
  3 bullfrogs
  4 killer bees (D:7)
  A jelly (D:7)
  4 crimson imps
  2 hounds
  5 orc priests
  2 centaur skeletons (D:5)
  3 orc wizards
  4 worker ants
  2 iguanas
  A worker ant zombie (D:5)
  4 gnolls (D:5)
  8 adders
  2 river rats
  3 shadow imps
  An ooze (D:3)
  3 adder zombies
  An adder skeleton (D:5)
  7 worms
  A dart slug (D:3)
  4 leopard geckos
  17 orcs
  A ball python (D:6)
  8 giant cockroaches
  7 goblins
  5 hobgoblins
  3 jackals
  2 quokkas
  7 bats
  2 frilled lizards
  17 kobolds
  A quokka zombie (D:6)
  9 rats
  2 plants (D:4)
169 creatures vanquished.

Notes
Turn   | Place    | Note
-------+----------+-------------------------------------------
     0 | D:1      | TheDeThijs the Centaur Hunter began the quest for the Orb.
     0 | D:1      | Reached XP level 1. HP: 17/17 MP: 1/1
   114 | D:1      | Reached XP level 2. HP: 24/24 MP: 2/2
   226 | D:1      | Reached skill level 6 in Bows
   950 | D:2      | Reached XP level 3. HP: 27/29 MP: 3/3
  1161 | D:2      | Reached skill level 7 in Bows
  1738 | D:3      | Reached XP level 4. HP: 33/36 MP: 4/4
  1825 | D:3      | Found a glowing silver altar of Zin.
  1831 | D:3      | Became a worshipper of Zin the Law-Giver
  1873 | D:3      | Reached * piety under Zin
  2014 | D:3      | Reached skill level 8 in Bows
  2273 | D:4      | Found Fiuzxeby's Antique Armour Shop.
  2277 | D:4      | Reached XP level 5. HP: 42/42 MP: 5/5
  2357 | D:4      | Noticed an ogre
  2407 | D:4      | Killed an ogre
  2407 | D:4      | Reached skill level 1 in Invocations
  2437 | D:4      | Found a radiant altar of Vehumet.
  2495 | D:4      | Noticed Grinder
  2497 | D:4      | Paralysed by Grinder for 4 turns
  2532 | D:4      | Paralysed by Grinder for 3 turns
  2538 | D:4      | Killed Grinder
  2538 | D:4      | Reached skill level 9 in Bows
  2538 | D:4      | Reached XP level 6. HP: 20/50 MP: 5/7
  2644 | D:4      | Noticed Menkaure
  2952 | D:4      | Killed Menkaure
  2952 | D:4      | Reached skill level 10 in Bows
  2952 | D:4      | Reached XP level 7. HP: 9/57 MP: 8/8
  3197 | D:4      | Reached ** piety under Zin
  3753 | D:5      | Entered Level 5 of the Dungeon
  3872 | D:5      | Reached skill level 11 in Bows
  3890 | D:5      | Found an ornate altar of the Wu Jian Council.
  4007 | D:5      | Reached *** piety under Zin
  4059 | D:5      | Noticed Sigmund
  4071 | D:5      | Reached XP level 8. HP: 51/63 MP: 8/10
  4085 | D:5      | Killed Sigmund
  4085 | D:5      | Reached skill level 12 in Bows
  4161 | D:5      | Found Ylittoq's Antique Armour Emporium.
  4433 | D:5      | Noticed a moth of wrath
  4436 | D:5      | Found a bloodstained altar of Trog.
  4663 | D:6      | Reached **** piety under Zin
  4678 | D:6      | Noticed Edmund
  4717 | D:6      | Noticed Blork the orc
  4733 | D:6      | Killed Blork the orc
  4946 | D:6      | Killed Edmund
  4946 | D:6      | Reached skill level 13 in Bows
  5029 | D:6      | Noticed Prince Ribbit
  5055 | D:6      | Noticed Eustachio
  5138 | D:6      | Killed Eustachio
  5269 | D:6      | Killed Prince Ribbit
  5351 | D:6      | Reached XP level 9. HP: 72/72 MP: 12/12
  5578 | D:6      | Found a staircase to the Ecumenical Temple.
  5731 | D:7      | Reached skill level 14 in Bows
  5998 | D:7      | Found a hazy altar of Hepliaklqana.
  6155 | D:7      | Reached ***** piety under Zin
  6303 | D:8      | Found a hide-covered altar of Uskayaw.
  6487 | D:8      | Noticed a two-headed ogre
  6534 | D:8      | Killed a two-headed ogre
  6534 | D:8      | Reached skill level 15 in Bows
  6534 | D:8      | Reached skill level 5 in Invocations
  6629 | D:8      | Noticed a death yak
  6634 | D:8      | Noticed a death yak
  6687 | D:8      | Noticed a death yak
  7567 | D:7      | Reached XP level 10. HP: 63/80 MP: 15/15
  8174 | D:8      | Noticed a two-headed ogre
  8466 | D:8      | Slain by a two-headed ogre

Vault maps used:
D:1:      tarquinn_simple_flora_water_a
D:3:      lemuel_upstairs_altar, old_standard_altar, first_bread
D:4:      kennysheep_mini_moat, serial_shops, shop, serial_bayou_lagoon_a,
          uniq_menkaure, uniq_grinder
D:5:      old_standard_altar, tgw_trog, serial_shops, nicolae_shop_waterfront,
          uniq_sigmund
D:6:      cheibrodos_two_vegetables, temple_pool_b, uniq_eustachio,
          uniq_prince_ribbit1, uniq_edmund, uniq_blork_the_orc
D:7:      lemuel_doored_altar
D:8:      lemuel_crystal_altar, tso_altar, dpeg_lair_monsters,
          nicolae_ossuary_entry_ruins, the_bakery
D:9:      chei_slow_surprise

Skill      XL: |  1  2  3  4  5  6  7  8  9 10 |
---------------+-------------------------------+-----
Bows           | 6 7 8 9 10 11 13 15 | 15.7
Invocations    | 1 2 4 6 7 |  7.2
Fighting       | 3 4 |  4.7
Armour         | |  0.1
Dodging        | |  1.3
Stealth        | |  0.4

Action                   |  1- 3 |  4- 6 |  7- 9 | 10-12 || total
-------------------------+-------+-------+-------+-------++-------
Melee: Short sword       |    39 |     6 |    48 |    16 ||   109
       Kick              |     5 |       |    15 |     3 ||    23
       Shortbow          |       |       |     1 |       ||     1
 Fire: Shortbow          |   108 |   102 |   546 |    84 ||   840
Invok: Recite            |       |     1 |    16 |     2 ||    19
       Imprison          |       |       |     1 |     1 ||     2
  Use: Scroll            |     1 |     8 |     3 |     6 ||    18
       Potion            |       |       |     2 |    10 ||    12
  Eat: Meat ration       |     1 |       |     1 |       ||     2
       Royal jelly       |       |       |     1 |       ||     1
       Chunk             |       |       |     6 |       ||     6
       Fruit             |       |       |     1 |       ||     1
Armor: Leather armour    |    27 |    10 |    54 |    13 ||   104
Dodge: Dodged            |    34 |    12 |    58 |    28 ||   132

Table legend:
 A = Spawn XP
 B = Non-spawn XP
 C = Spawn XP percentage of total XP
 D = Spawn monster count
 E = Non-spawn monster count
 F = Spawn count percentage of total count
 G = Total turns spent on level
                    A         B        C        D         E        F      G
               +---------+---------+-------+---------+---------+-------+---------
         Total |       0 |    6067 |   0.0 |       0 |     167 |   0.0 |  8466
               +---------+---------+-------+---------+---------+-------+---------
           D:1 |       0 |      32 |   0.0 |       0 |      19 |   0.0 |   885
           D:2 |       0 |      56 |   0.0 |       0 |      15 |   0.0 |   797
           D:3 |       0 |     107 |   0.0 |       0 |      22 |   0.0 |   829
           D:4 |       0 |     728 |   0.0 |       0 |      14 |   0.0 |  1242
           D:5 |       0 |     849 |   0.0 |       0 |      27 |   0.0 |   870
           D:6 |       0 |    1167 |   0.0 |       0 |      19 |   0.0 |  1077
           D:7 |       0 |    1440 |   0.0 |       0 |      33 |   0.0 |  1763
           D:8 |       0 |    1688 |   0.0 |       0 |      18 |   0.0 |   988
               +---------+---------+-------+---------+---------+-------+---------
